 Dungeon Crawl Stone Soup version 0.25-a0-356-g7c9d860b3b (webtiles) character file.

Game seed: 2035985631404996639, levelgen mode: classic

12161 Borgoz the Basher (level 11, 0/71 HPs)
             Began as a Gargoyle Gladiator on Jan 3, 2020.
             Was the Champion of Okawaru.
             Slain by an unseen horror (1 damage)
             ... on level 10 of the Dungeon.
             The game lasted 00:23:54 (11636 turns).

Borgoz the Basher (Gargoyle Gladiator)             Turns: 11636, Time: 00:23:54

Health: 0/71       AC: 13    Str: 22    XL:     11   Next: 89%
Magic:  11/11      EV: 13    Int:  8    God:    Okawaru [******]
Gold:   334        SH:  0    Dex: 11    Spells: 10/10 levels left

rFire    + . .     SeeInvis .   B - +1 great mace "Xawnu" {venom, rF+} (curse)
rCold    . . .     Gourm    .   (shield currently unavailable)
rNeg     + . .     Faith    .   p - +0 scale mail
rPois    ∞         Spirit   .   I - +1 hat
rElec    +         Reflect  .   q - +0 cloak
rCorr    +         Harm     .   (no gloves)
MR       .....                  (no boots)
Stlth    ..........             (no amulet)
HPRegen  0.21/turn              s - ring of resist corrosion
MPRegen  0.12/turn              r - +3 ring of protection

@: corroded, berserk cooldown, slowed, very slow
A: negative energy resistance 1, electricity resistance, unbreathing,
petrification resistance, rot immunity, AC +8
a: Heroism, Finesse, Renounce Religion


You were on level 10 of the Dungeon.
You worshipped Okawaru.
Okawaru was exalted by your worship.
You were not hungry.

You visited 1 branch of the dungeon, and saw 10 of its levels.

You collected 636 gold pieces.
You spent 302 gold pieces at shops.

Inventory:

Hand Weapons
 B - the cursed +1 great mace "Xawnu" (weapon) {venom, rF+}
   (You found it on level 8 of the Dungeon)

   It poisons the flesh of those it strikes.
   It protects you from fire.
   It has a curse placed upon it.
 G - the +1 whip of Retwuidgh {pain, rC+ MR+ Dex+5}
   (You took it off a kobold on level 4 of the Dungeon)

   In the hands of one skilled in necromantic magic, it inflicts extra damage on
   living creatures.
   It affects your dexterity (+5).
   It protects you from cold.
   It affects your resistance to hostile enchantments.
 K - a +2 antimagic great mace
Missiles
 d - 3 throwing nets (quivered)
Armour
 p - a +0 scale mail (worn)
 q - a +0 cloak (worn)
 I - a +1 hat (worn)
Jewellery
 a - an uncursed ring of ice
 r - a +3 ring of protection (right hand)
 s - a ring of resist corrosion (left hand)
Wands
 c - a wand of clouds (4)
 g - a wand of paralysis (12)
 v - a wand of random effects (16)
 y - a wand of acid (13)
 C - a wand of flame (28)
Scrolls
 b - 3 scrolls of magic mapping
 i - 4 scrolls of remove curse
 k - a scroll of teleportation
 m - 2 scrolls of enchant weapon {unknown}
 o - a scroll of immolation {unknown}
 u - a scroll of amnesia {unknown}
 w - a scroll of fog {unknown}
 A - 2 scrolls of enchant armour {unknown}
 D - 2 scrolls of brand weapon {unknown}
 F - a scroll of blinking {unknown}
 H - a scroll of random uselessness {unknown}
 J - a scroll of vulnerability {unknown}
Potions
 e - 2 potions of flight
 h - 2 potions of brilliance
 j - a potion of curing
 l - a potion of ambrosia {unknown}
 n - a potion of cancellation {unknown}
 t - a potion of resistance
 x - a potion of haste
 z - a potion of berserk rage
 L - a potion of invisibility {unknown}
Comestibles
 f - 20 rations


   Skills:
 + Level 9.4 Fighting
 * Level 12.0 Maces & Flails
 - Level 1.7 Throwing
 + Level 9.1 Armour
 + Level 7.4 Dodging


You had 10 spell levels left.
You didn't know any spells.
Your spell library contained the following spells:

 Spells                   Type           Power        Failure   Level  Hunger
 Sting                    Tmut/Pois      #...         69%         1    ##.....
 Poisonous Vapours        Pois/Air       #.....       83%         2    ###....
 Ignite Poison            Fire/Tmut/Pois #.......     96%         3    ####...
 Mephitic Cloud           Conj/Pois/Air  #.......     96%         3    ####...
 Olgreb's Toxic Radiance  Pois           #.......     100%        4    #####..


Dungeon Overview and Level Annotations

Branches:
Dungeon (10/15)            Temple (0/1) D:5            Lair (0/6) D:8
    Orc: D:9-12

Altars:
Fedhas
Gozag
Kikubaaqudgha
Makhleb
Nemelex Xobeh
Okawaru
Uskayaw
Vehumet
Wu Jian

Shops:
D:5 !   D:7 [   D:8 ?

Annotations:
D:10 Grum


Innate Abilities, Weirdness & Mutations

You are resistant to torment.
Your stone body is resilient. (AC +8)
You are immune to poison.
You resist negative energy. (rN+)
You are resistant to electric shocks. (rElec)
You can survive without breathing.
You are immune to petrification.
You are immune to rotting.


Message History

* * * LOW HITPOINT WARNING * * *
The wolf misses you.
The wolf bites you but does no damage. x2; The wolf closely misses you.
Your surroundings suddenly seem different.
A yak comes into view.
The yak bellows!
A yak comes into view.
The yak bellows!
Something hits you but does no damage.
Deactivating autopickup; reactivate with Ctrl-A.
A yak comes into view. x3
Found a scroll labeled ASMAARGH VYSHROO.
The yak bellows!
Something hits you but does no damage. x3; The yak gores you.
* * * LOW HITPOINT WARNING * * *
You hit something. Something hits you.
* * * LOW HITPOINT WARNING * * *
The yak gores you but does no damage. The yak closely misses you.
Something hits you.
You die...

...### ###..### ......#
.......####.....#####
#######..##.........
.......####..?Y....
###..######..Y....# .#
...####..##....Y..##..#
.####.##.##....Y......#
###..#.#.##....Y@.....#
#....###.##..##########..#..#
.........## #.....#
#....###.# #....># ###..#.#.#
#.....# 8####.##.# #.#...#
..8####..## #.....#
....8####.# #gh..#
.≈....8##.# #hh..#


You could see 5 yaks.

Vanquished Creatures
  Harold (D:7)
  A centaur warrior (D:10)
  A two-headed ogre (D:9)
  An unseen horror (D:10)
  Pikel (D:5)
  A mana viper (shapeshifter) (D:10)
  An ugly thing (D:10)
  The ghost of LostGamesStreakFreak the Skirmisher, a novice GrAr of Makhleb (D:4)
  A meliai (shapeshifter) (D:10)
  A hippogriff (D:9)
  Sigmund (D:3)
  A wraith (D:10)
  2 wyverns
  2 yaks
  A human (D:7)
  4 hogs (D:7)
  2 hungry ghosts
  A steam dragon (D:9)
  A porcupine (D:7)
  5 orc warriors
  3 ice beasts
  3 sky beasts
  5 phantoms
  4 slaves
  2 ogres (D:9)
  9 centaurs
  A crocodile (D:7)
  Blork the orc (D:5)
  2 big kobolds
  2 bullfrogs (D:6)
  A gnoll sergeant (D:7)
  A wyvern zombie (D:7)
  A water moccasin zombie (D:9)
  2 scorpions
  8 killer bees
  2 vampire bats (D:3)
  3 wights (D:6)
  3 howler monkeys (D:9)
  6 crimson imps
  2 centaur zombies
  A bullfrog zombie (D:7)
  A quasit (D:4)
  7 hounds
  3 bullfrog skeletons
  5 jellies
  8 orc priests
  5 centaur skeletons
  8 orc wizards
  Jessica (D:2)
  An iguana (D:7)
  4 worker ants
  4 hound skeletons
  9 gnolls
  9 adders
  2 oozes
  An adder zombie (D:9)
  A worm (D:2)
  A dart slug (D:1)
  4 leopard geckos
  51 orcs
  10 bats
  4 bat skeletons (D:3)
  3 bat zombies (D:3)
  3 giant cockroaches
  8 goblins
  5 hobgoblins
  10 jackals
  16 kobolds
  2 quokkas (D:7)
  5 frilled lizards
  A leopard gecko skeleton (D:5)
  A quokka skeleton (D:8)
  20 rats
305 creatures vanquished.

Vanquished Creatures (others)
  A centaur (D:5)
  A leopard gecko (D:5)
  5 fungi
  A plant (D:4)
8 creatures vanquished.

Grand Total: 313 creatures vanquished

Notes
Turn   | Place    | Note
-------+----------+-------------------------------------------
     0 | D:1      | Borgoz the Gargoyle Gladiator began the quest for the Orb.
     0 | D:1      | Reached XP level 1. HP: 12/12 MP: 1/1
   115 | D:1      | Reached XP level 2. HP: 17/18 MP: 2/2
   556 | D:1      | Reached skill level 1 in Armour
   618 | D:1      | Reached XP level 3. HP: 19/22 MP: 3/3
  1205 | D:2      | Found a sparkling altar of Nemelex Xobeh.
  1206 | D:2      | Found an opulent altar of Gozag.
  1259 | D:2      | Noticed Jessica
  1266 | D:2      | Killed Jessica
  1266 | D:2      | Reached XP level 4. HP: 27/27 MP: 4/4
  1468 | D:2      | Found an ornate altar of the Wu Jian Council.
  1701 | D:2      | Reached skill level 4 in Maces & Flails
  2223 | D:3      | Noticed Sigmund
  2551 | D:3      | Reached XP level 5. HP: 32/32 MP: 5/5
  2618 | D:3      | Found an ancient bone altar of Kikubaaqudgha.
  2632 | D:3      | Reached XP level 6. HP: 34/37 MP: 6/6
  2855 | D:3      | Found a blossoming altar of Fedhas.
  3201 | D:4      | Found a runed translucent gate.
  3203 | D:4      | Found a runed translucent gate.
  3204 | D:4      | Found a runed translucent gate.
  3204 | D:4      | Noticed LostGamesStreakFreak's ghost (novice GrAr)
  3205 | D:4      | Identified the cursed +1 whip of Retwuidgh {pain, rC+ MR+
                  | Dex+5}
  3300 | D:4      | Reached skill level 5 in Maces & Flails
  3520 | D:4      | Found an iron altar of Okawaru.
  3583 | D:4      | Became a worshipper of Warmaster Okawaru
  3727 | D:5      | Entered Level 5 of the Dungeon
  3741 | D:5      | Noticed a slave
  3756 | D:5      | Killed a slave
  3762 | D:5      | Noticed Pikel
  3882 | D:5      | Reached XP level 7. HP: 32/43 MP: 7/7
  4282 | D:5      | Found Yfomywo's Distillery.
  4769 | D:5      | Found a staircase to the Ecumenical Temple.
  5012 | D:6      | Reached skill level 6 in Maces & Flails
  5196 | D:6      | Found a burning altar of Makhleb.
  5266 | D:6      | Reached XP level 8. HP: 45/48 MP: 8/8
  5437 | D:6      | Reached * piety under Okawaru
  5470 | D:6      | Reached skill level 5 in Fighting
  5791 | D:6      | Reached skill level 7 in Maces & Flails
  6102 | D:7      | Reached ** piety under Okawaru
  6270 | D:7      | Reached skill level 5 in Armour
  6278 | D:7      | Reached XP level 9. HP: 20/55 MP: 9/9
  6284 | D:7      | Reached skill level 8 in Maces & Flails
  6297 | D:7      | Reached skill level 5 in Dodging
  6740 | D:7      | Found a radiant altar of Vehumet.
  6752 | D:7      | Reached *** piety under Okawaru
  6800 | D:7      | Noticed Harold
  6824 | D:7      | Killed Harold
  6824 | D:7      | Reached **** piety under Okawaru
  6824 | D:7      | Reached skill level 9 in Maces & Flails
  6824 | D:7      | Reached XP level 10. HP: 16/63 MP: 10/10
  7179 | D:7      | Found Uwiew's Armour Shoppe.
  7293 | D:3      | Killed Sigmund
  7449 | D:4      | Killed LostGamesStreakFreak's ghost
  7465 | D:4      | Paralysed by a kobold for 7 turns
  7643 | D:5      | Killed Pikel
  7772 | D:5      | Noticed Blork the orc
  7785 | D:5      | Killed Blork the orc
  7818 | D:5      | Bought a potion of haste for 110 gold pieces
  7818 | D:5      | Bought a potion of heal wounds for 55 gold pieces
  7818 | D:5      | Bought a potion of berserk rage for 55 gold pieces
  7942 | D:7      | Reached skill level 10 in Maces & Flails
  8332 | D:7      | Reached ***** piety under Okawaru
  9173 | D:8      | Found a hide-covered altar of Uskayaw.
  9256 | D:8      | Found Vaiwkuaf's Magic Scroll Shoppe.
  9270 | D:8      | Bought a scroll of magic mapping for 38 gold pieces
  9270 | D:8      | Bought a scroll of identify for 22 gold pieces
  9270 | D:8      | Bought a scroll of identify for 22 gold pieces
  9437 | D:8      | Reached XP level 11. HP: 35/69 MP: 11/11
  9597 | D:8      | Found a staircase to the Lair.
  9682 | D:8      | Got a translucent great mace
  9692 | D:8      | Identified the cursed +1 great mace "Xawnu" {venom, rF+}
                  | (You found it on level 8 of the Dungeon)
 10003 | D:9      | Reached skill level 11 in Maces & Flails
 10276 | D:9      | Noticed a two-headed ogre
 10294 | D:9      | Killed a two-headed ogre
 10537 | D:9      | Received a gift from Okawaru
 11143 | D:10     | Entered Level 10 of the Dungeon
 11306 | D:10     | Noticed a mana viper
 11306 | D:10     | a hippogriff changed into a mana viper
 11319 | D:10     | Killed a mana viper
 11540 | D:10     | Found a burning altar of Makhleb.
 11593 | D:10     | Noticed a red ugly thing
 11593 | D:10     | Noticed a centaur warrior
 11612 | D:10     | Killed an unseen horror
 11616 | D:10     | Killed a red ugly thing
 11616 | D:10     | Received a gift from Okawaru
 11620 | D:10     | Killed a centaur warrior
 11620 | D:10     | Reached skill level 12 in Maces & Flails
 11623 | D:10     | Reached ****** piety under Okawaru
 11628 | D:10     | Noticed Grum
 11636 | D:10     | HP: 1/71 [something (6)]
 11636 | D:10     | Slain by an unseen horror

Levels and vault maps discovered:
D:1:      psy_arrival_terrarium, layout_loops_corners
D:2:      minmay_spotlight, layout_basic, lemuel_doored_altar,
          grunt_temple_overflow_opulence, first_ration, minmay_rat_gold_closets,
          uniq_jessica
D:3:      layout_loops_ring, fedhas_altar_fruit_tree, kennysheep_vampire_church,
          uniq_sigmund
D:4:      layout_loops_ring, gammafunk_ghost_nasty_kobolds,
          okawaru_altar_gauntlet_db
D:5:      layout_basic, lemuel_temple_firewalk_b, serial_shops,
          nicolae_shop_stone, uniq_pikel, uniq_blork_the_orc
D:6:      layout_loops_cross, makhleb_heckhound_becter
D:7:      layout_basic, vehumet_altar_wand_db, serial_shops, shop,
          grunt_livestock, uniq_harold
D:8:      layout_basic, overflow_temple_1_default,
          grunt_lair_entry_orc_guard_hut, serial_shops,
          nicolae_shop_window_shopping, st_stairs_12
D:9:      minmay_s_stair_smasher, layout_cave_pools, minmay_misc_feat_tiny
D:10:     minmay_the_grid_triangle_9x9_rhombus_full
          [minmay_the_grid_triangle_9x9_wacky_v,
          minmay_the_grid_triangle_9x9_warning,
          minmay_the_grid_triangle_9x9_odd_lines,
          minmay_the_grid_triangle_9x9_skeleton,
          minmay_the_grid_triangle_9x9_corruption,
          minmay_the_grid_triangle_9x9_negative_grid,
          minmay_the_grid_triangle_9x9_shrine,
          minmay_the_grid_triangle_9x9_prize_top_heavy], layout_stronghold,
          orc_0_dummy, uniq_grum

Skill      XL: |  1  2  3  4  5  6  7  8  9 10 11 |
---------------+----------------------------------+-----
Armour         | 1 2 3 4 5 6 7 9 |  9.1
Fighting       | 3 4 5 7 8 9 |  9.4
Maces & Flails | 4 5 6 7 9 10 12 | 12.0
Dodging        | 3 4 5 6 7 |  7.4
Throwing       | |  1.7

Action                   |  1- 3 |  4- 6 |  7- 9 | 10-12 || total
-------------------------+-------+-------+-------+-------++-------
Melee: Flail             |   121 |   268 |   498 |    57 ||   944
       Whip              |       |       |       |   494 ||   494
       Great mace        |       |       |       |   246 ||   246
Throw: Throwing net      |       |       |     2 |     2 ||     4
  Use: Scroll            |       |     1 |     4 |     9 ||    14
       Potion            |       |     1 |     1 |     7 ||     9
 Stab: Held in net/web   |       |       |     1 |     1 ||     2
  Eat: Chunk             |       |    10 |    10 |    13 ||    33
       Ration            |       |       |       |     3 ||     3
Armor: Leather armour    |    49 |     7 |       |       ||    56
       Ring mail         |       |    55 |       |       ||    55
       Scale mail        |       |   125 |   325 |   431 ||   881
Dodge: Dodged            |    90 |   205 |   366 |   554 ||  1215

Table legend:
 A = Non-vault XP
 B = Vault XP
 C = Vault XP percentage of total XP
 D = Non-vault monster count
 E = Vault monster count
 F = Vault count percentage of total count
                 A         B        C        D         E       F
            +---------+---------+-------+---------+---------+-------
      Total |    8000 |    9374 |  54.0 |     220 |      81 |  26.9
            +---------+---------+-------+---------+---------+-------
        D:1 |      39 |       0 |   0.0 |      25 |       0 |   0.0
        D:2 |      18 |      63 |  77.8 |       6 |      14 |  70.0
        D:3 |     116 |     348 |  75.0 |      30 |      10 |  25.0
        D:4 |     206 |     486 |  70.2 |      12 |      16 |  57.1
        D:5 |     312 |     717 |  69.7 |      15 |       2 |  11.8
        D:6 |     887 |      42 |   4.5 |      27 |       1 |   3.6
        D:7 |    2766 |    2297 |  45.4 |      62 |      10 |  13.9
        D:8 |     793 |     197 |  19.9 |      12 |       2 |  14.3
        D:9 |    2429 |    1296 |  34.8 |      26 |      14 |  35.0
       D:10 |     434 |    3928 |  90.1 |       5 |      12 |  70.6
            +---------+---------+-------+---------+---------+-------
